AoeStats
← Bo Xilai stan

Arena

510242237Analyzed
1v1 RM · 2d ago on Sep 30, 2026· 48m 17s· 2 players
Game mode
Random Map
Map size
Tiny (2 player)
Population
200
Speed
Normal
Resources
Standard
Victory
Conquest
Starting age
Dark Age
Ending age
Imperial Age
RankedLock teamsTeams togetherTeam positionsShared explorationLock speedFull tech treeHidden civsTurbo modeCheats
Victory
Defeat
🇲🇽 Hindustanis · Mexico
995
+17
🇺🇸 Danes · United States
1016
-17
BetoMGA17
10:54 Feudal Age
14:35 Castle Age
12:45 Double-Bit Axe
14:35 Wheelbarrow
13:46 Horse Collar
15:00 Wheelbarrow
24:40 Fletching
25:12 Guard Tower
26:50 Bodkin Arrow
32:15 Imperial Age
30:12 Ballistics
31:27 Forging
31:22 Scale Barding Armor
33:59 Chemistry
33:27 Loom
35:26 Iron Casting
34:52 Padded Archer Armor
35:13 Chain Barding Armor
36:01 Bloodlines
35:12 Light Cavalry
38:41 Blast Furnace
42:23 Leather Archer Armor
Bo Xilai stan
10:08 Feudal Age
11:28 Double-Bit Axe
15:08 Loom
18:01 Castle Age
16:35 Arson
27:00 Forging
27:31 Horse Collar
27:43 Stone Mining
29:43 Fletching
32:03 Bow Saw
36:40 Imperial Age
34:27 Gold Mining
35:31 Town Watch
36:37 Town Patrol
37:45 Gold Shaft Mining
37:22 Squires
40:21 Onager
41:48 Ballistics
42:28 Chemistry
43:46 Bloodlines
42:56 Light Cavalry
43:37 Husbandry
45:38 Elite Skirmisher
46:39 Thumb Ring
47:40 Bodkin Arrow
47:46 Padded Archer Armor
Connection lost

Rejoining the realm…

Still unreachable

The connection could not be restored.

Session expired

The server has moved on; the page needs a fresh start.